 Dungeon Crawl Stone Soup version 0.28-a0-233-gb8ca4b6547 (webtiles) character file.

Game seed: 14641361432866160320

233127 Shayle the Black Sun (level 19, -28/184 HPs)
             Began as an Ogre Warper on Aug 21, 2021.
             Was a High Priest of Kikubaaqudgha.
             Killed from afar by a hellephant (77 damage)
             ... with a blast of flame
             ... on level 3 of the Vaults on Aug 22, 2021.
             The game lasted 04:03:16 (54601 turns).

Shayle the Black Sun (Ogre Warper)                 Turns: 54601, Time: 04:03:23

Health: -28/184    AC: 11    Str: 20    XL:     19   Next: 56%
Magic:  9/45       EV: 11    Int: 20    God:    Kikubaaqudgha [*****.]
Gold:   1511       SH: 12    Dex:  8    Spells: 3/44 levels left

rFire   . . .      SeeInvis +   z - +1 demon trident (pain)
rCold   + . .      Faith    .   X - +3 kite shield
rNeg    . . .      Spirit   .   q - +4 troll leather armour
rPois   .          Reflect  .   P - +2 hat {Will+}
rElec   .          Harm     .   s - scarf {repulsion}
rCorr   +          Rampage  .   (gloves unavailable)
Will    ++...                   (boots unavailable)
Stlth   +.........              p - amulet of regeneration
HPRegen 2.40/turn               k - ring of magical power
MPRegen 0.29/turn               S - ring of Daohius {Fly rC+ rCorr SInv}

@: flying, studying Summonings, repel missiles
A: large, unfitting armour, tough skin 1
}: 1/15 runes: barnacled
a: Renounce Religion, Receive Corpses, Torment


You were on level 3 of the Vaults.
You worshipped Kikubaaqudgha.
Kikubaaqudgha was extremely pleased with you.
You visited 6 branches of the dungeon, and saw 32 of its levels.
You visited the Abyss 1 time.
You also visited: Volcano.

You collected 3058 gold pieces.
You spent 1547 gold pieces at shops.

Inventory:

Hand Weapons
 o - the +5 broad axe "Ecliunyi" {flame, rF+ Int+4 Dex+4 Stlth+}
   (You found it in a volcano)

   It burns those it strikes, dealing additional fire damage.
   Big, fiery blades are also staple armaments of hydra-hunters.
   Int:       It affects your intelligence (+4).
   Dex:       It affects your dexterity (+4).
   rF:        It protects you from fire.
   Stlth:     It makes you more stealthy.
 x - the +5 rapier "Koel Hew" {vorpal, Stlth+}
   (You found it on level 8 of the Dungeon)

   It inflicts extra damage upon your enemies.
   Stlth:     It makes you more stealthy.
 z - a +1 demon trident of pain (weapon)
 A - a +2 rapier of holy wrath
 C - the +9 arbalest of Death {freeze, rPois Dex+4}
   (You found it on level 2 of the Vaults)

   Any ammunition fired from it freezes those it strikes, dealing additional
   cold damage.
   It can also slow down cold-blooded creatures.
   Dex:       It affects your dexterity (+4).
   rPois:     It protects you from poison.
 E - the +6 dagger of Resourcefulness {vorpal, rN+ Str-2 Stlth+}
   (You took it off a kobold brigand on level 10 of the Dungeon)

   It inflicts extra damage upon your enemies.
   Str:       It affects your strength (-2).
   rN:        It protects you from negative energy.
   Stlth:     It makes you more stealthy.
Missiles
 c - 18 large rocks (quivered)
 d - 2 boomerangs of dispersal
 u - 6 silver javelins
 w - 4 throwing nets
 L - 10 curare-tipped darts
Armour
 q - a +4 troll leather armour (worn)
 s - a scarf of repulsion (worn)
 P - a +2 hat of willpower (worn)
 X - a +3 kite shield (worn)
Jewellery
 k - a ring of magical power (left hand)
 m - a +4 ring of slaying
 p - an amulet of regeneration (around neck)
 r - a ring of protection from cold
 y - a +6 ring of strength
 G - a ring of wizardry
 H - a ring of willpower
 S - the ring of Daohius (right hand) {Fly rC+ rCorr SInv}
   (You found it on level 3 of the Abyss)

   [ring of flight]

   rC:        It protects you from cold.
   SInv:      It lets you see invisible.
   Fly:       It grants you flight.
   rCorr:     It protects you from acid and corrosion.
Wands
 g - a wand of flame (13)
 t - a wand of digging (28)
 T - a wand of mindburst (5)
 Z - a wand of paralysis (9)
Scrolls
 e - 5 scrolls of teleportation
 i - 2 scrolls of amnesia
 j - a scroll of vulnerability
 B - a scroll of silence
 I - 4 scrolls of immolation
 J - 3 scrolls of magic mapping
 M - 13 scrolls of identify
 R - 4 scrolls of fog
Potions
 a - 3 potions of haste
 b - 3 potions of brilliance
 f - 3 potions of cancellation
 l - 3 potions of mutation
 n - 2 potions of invisibility
 v - 7 potions of lignification
 D - 10 potions of curing
 F - a potion of berserk rage
 K - 5 potions of ambrosia
 Q - a potion of might
 V - 2 potions of resistance
 W - 3 potions of magic
Miscellaneous
 N - a condenser vane


   Skills:
 - Level 10.8 Fighting
 - Level 1.7 Maces & Flails
 + Level 12.6 Polearms
 - Level 4.3 Throwing
 - Level 10.1 Dodging
 - Level 9.0 Shields
 - Level 13.2 Spellcasting
 + Level 15.2 Necromancy
 - Level 8.4 Translocations
 - Level 9.9 Transmutations
 - Level 8.6 Ice Magic
 - Level 10.0 Earth Magic


You had 3 spell levels left.
You knew the following spells:

 Your Spells              Type           Power      Damage    Failure   Level
a - Blink                 Tloc           N/A        N/A       1%          2
b - Gell's Gravitas       Tloc           23%        N/A       1%          3
c - Teleport Other        Tloc           46%        N/A       1%          3
d - Vampiric Draining     Necr           32%        2d10      1%          3
e - Simulacrum            Ice/Necr       28%        N/A       7%          6
f - Manifold Assault      Tloc           46%        N/A       5%          5
g - Borgnjor's Vile Clut  Necr/Erth      29%        N/A       1%          5
h - Death Channel         Necr           32%        N/A       1%          6
i - Infestation           Necr           32%        N/A       58%         8

Your spell library contained the following spells:

 Spells                   Type           Power      Damage    Failure   Level
 Animate Skeleton         Necr           100%       N/A       0%          1
 Pain                     Necr           100%       1d9       0%          1
 Apportation              Tloc           92%        N/A       1%          1
 Corpse Rot               Necr/Air       N/A        N/A       1%          2
 Passwall                 Tmut/Erth      43%        N/A       1%          2
 Sublimation of Blood     Necr           32%        N/A       1%          2
 Frozen Ramparts          Ice            94%        1d11      1%          3
 Lesser Beckoning         Tloc           23%        N/A       1%          3
 Corona                   Hex            14%        N/A       6%          1
 Magic Dart               Conj           52%        1d5       6%          1
 Summon Small Mammal      Summ           52%        N/A       6%          1
 Call Imp                 Summ           13%        N/A       9%          2
 Searing Ray              Conj           26%        3d4       9%          2
 Slow                     Hex            13%        N/A       9%          2
 Call Canine Familiar     Summ           13%        N/A       19%         3
 Confusing Touch          Hex            13%        N/A       19%         3
 Mephitic Cloud           Conj/Pois/Air  13%        N/A       19%         3
 Summon Guardian Golem    Hex/Summ       13%        N/A       19%         3
 Swiftness                Air            13%        N/A       19%         3
 Dispel Undead            Necr           65%        3d22      1%          4
 Ice Form                 Ice/Tmut       50%        N/A       1%          4
 Agony                    Necr           65%        N/A       1%          5
 Blade Hands              Tmut           26%        N/A       2%          5
 Animate Armour           Summ/Erth      66%        N/A       8%          4
 Leda's Liquefaction      Hex/Erth       16%        N/A       8%          4
 Summon Ice Beast         Ice/Summ       30%        N/A       10%         4
 Alistair's Intoxication  Tmut/Pois      22%        N/A       22%         5
 Yara's Violent Unravell  Hex/Tmut       16%        3d8       22%         5
 Bolt of Magma            Conj/Fire/Erth 13%        4d8       38%         5
 Fulminant Prism          Conj/Hex       6%         3d7       52%         4
 Sticky Flame             Conj/Fire      13%        2d4       52%         4
 Borgnjor's Revivificati  Necr           32%        N/A       58%         8
 Iron Shot                Conj/Erth      16%        9d4       75%         6
 Summon Mana Viper        Hex/Summ       13%        N/A       86%         5
 Haunt                    Necr/Summ      21%        N/A       92%         7
 Necromutation            Tmut/Necr      29%        N/A       92%         8
 Invisibility             Hex            6%         N/A       100%        6
 Monstrous Menagerie      Summ           6%         N/A       100%        7
 Death's Door             Necr           32%        N/A       100%        9


Dungeon Overview and Level Annotations

Branches:
Dungeon (15/15)            Temple (1/1) D:4            Lair (6/6) D:9
 Shoals (4/4) Lair:2       Spider (0/4) Lair:2        Slime (0/5) Lair:6
    Orc (2/2) D:10            Elf (0/3) Orc:2        Vaults (4/5) D:13
  Crypt (0/3) Vaults:3    Volcano (visited)
 Depths: D:15

Altars:
Ashenzari
Cheibriados
Dithmenos
Elyvilon
Fedhas
Gozag
Hepliaklqana
Kikubaaqudgha
Makhleb
Nemelex Xobeh
Okawaru
Qazlal
Ru
Sif Muna
Trog
Uskayaw
Vehumet
Wu Jian
Xom
Yredelemnul
Zin
The Shining One

Shops:
D:3 :   D:10 !!(*?   Orc:2 [[!*   Vaults:3 [

Annotations:
D:2 1 runed translucent door, Crazy Yiuf
D:11 exclusion: orange crystal statue
D:14 2 transporters, Pocvaraige's ghost, journeyman TrMo
Lair:1 2 transporters, Rennog's ghost, journeyman DsFi
Lair:2 2 runed translucent doors, jisko22's ghost, journeyman MfGl
Shoals:3 3 runed translucent doors, krigyl's ghost, adept SpGl
Vaults:1 3 runed translucent doors


Innate Abilities, Weirdness & Mutations

You are too large for most types of armour.
You have tough skin. (AC +1)


Message History

The hellephant is almost dead.
Unknown command.
You puncture the hellephant!
The hellephant is almost dead.
The hellephant tramples you!
You are shoved backwards!
Unknown command.
Throw: 22 large rocks
Press: ? - help, Q - select action, (/) - cycle Shift-Dir - straight line, f/p - hellephant
Aim: a hellephant (almost dead, 63% to hit)
You throw a large rock.
The large rock barely misses the hellephant.
You block the hellephant's attack. The hellephant bites you!
The hellephant gores you!
Throw: 21 large rocks
Press: ? - help, Q - select action, (/) - cycle Shift-Dir - straight line, f/p - hellephant
Aim: a hellephant (almost dead, 63% to hit)
You throw a large rock.
The large rock hits the hellephant but does no damage.
The hellephant is almost dead.
The hellephant blinks!
Throw: 20 large rocks
Press: ? - help, Q - select action, (/) - cycle Shift-Dir - straight line, f/p - hellephant
Aim: a hellephant (almost dead, 63% to hit)
You throw a large rock.
The large rock closely misses the hellephant.
The hellephant breathes flames at you. The blast of flame misses you.
The hellephant misses you. The hellephant bites you!
You block the hellephant's attack.
Throw: 19 large rocks
Press: ? - help, Q - select action, (/) - cycle Shift-Dir - straight line, f/p - hellephant
Aim: a hellephant (almost dead, 63% to hit)
You throw a large rock. The large rock hits the hellephant!
The hellephant is almost dead.
The hellephant tramples you!!
* * * LOW HITPOINT WARNING * * *
You are shoved backwards!
The hellephant breathes flames at you. The blast of flame hits you!!!!
You die...
Kikubaaqudgha rasps: "You have failed me!
Welcome... death!"

..#..##......#......#
###(÷##......'......#############
..#(.##..>...#......#...........#
†.[[.##......#......#.#...#...#.#
<.#####......'......#......)....#
### #......#....).#...#...#...#
#......#......#...........#
#......#......#.#...>...#.#
########..@...#(.(()..Y...#
#..Y(..(.)(#...#...'
#..(...#...........#
#......#[#...#..^#.#
###########'####...........#
#....(..†[...# #'###########
#............# #......# #
#............# #......# #
#............# #......# #


You could see a hellephant (catching breath).

Vanquished Creatures
  Polyphemus (Shoals:2)
  Frances (D:12)
  A sphinx (Vaults:3)
  A revenant (Vaults:3)
  An orc warlord (Vaults:1)
  4 vault wardens
  Louise (Shoals:1)
  A draconian annihilator (Abyss:3)
  7 ironbound preservers
  Nessos (Lair:6)
  A very ugly thing (Vaults:1)
  A vampire knight (Vaults:3)
  2 dire elephants (Vaults:3)
  Snorg (D:14)
  3 merfolk javelineers
  2 merfolk impalers
  Josephine (Shoals:1)
  A jiangshi (Vaults:3)
  3 yaktaur captains
  3 vault guards
  7 ironbound thunderhulks
  A great orb of eyes (Vaults:2)
  An ice dragon (Lair:6)
  3 boulder beetles
  5 hydras
  11 centaur warriors
  5 ironbound frosthearts
  2 merfolk avatars
  4 merfolk aquamancers
  4 two-headed ogres
  4 catoblepae
  A satyr (Shoals:3)
  3 orc high priests (Orc:2)
  3 ironbound beastmasters
  9 death yaks
  4 hell knights (Vaults:3)
  A sun demon (Volcano)
  A storm dragon zombie (Abyss:3)
  Sonja (D:12)
  A sixfirhy (Abyss:3)
  7 sea snakes
  27 deep trolls
  4 large abominations (Abyss:3)
  A glowing orange brain (Vaults:2)
  4 wizards
  6 ironbound convokers
  7 orc knights
  2 deep elf pyromancers
  3 lindwurms
  6 harpies
  6 manticores
  16 ugly things
  A worldbinder (Abyss:3)
  8 fauns (Shoals:1)
  2 cyclopes
  5 orc sorcerers
  6 black mambas
  9 vault sentinels
  11 elephants
  4 merfolk sirens
  A rust devil (Abyss:3)
  An ice statue (D:11)
  Maurice (D:11)
  7 water nymphs
  13 cane toads
  A gargoyle (D:10)
  A smoke demon (Abyss:3)
  2 unseen horrors (D:12)
  10 komodo dragons
  14 yaktaurs
  4 kobold demonologists
  3 rime drakes
  A komodo dragon (shapeshifter) (D:14)
  A demonic crawler (Abyss:3)
  3 tengu conjurers
  An efreet (D:13)
  A queen bee (Lair:2)
  An ancient zyme (Abyss:3)
  8 wind drakes
  2 red devils (Volcano)
  10 merfolk
  10 trolls
  3 hornets (Lair:6)
  3 polar bears (Lair:6)
  18 slime creatures
  A raiju (Abyss:3)
  A dream sheep (Lair:6)
  19 blink frogs
  A dream sheep (shapeshifter) (Vaults:2)
  5 snapping turtles
  7 spriggans (Lair:6)
  A ynoxinul (Abyss:3)
  A shadow (D:11)
  Sigmund (D:5)
  4 fire bats (D:14)
  4 wyverns
  11 water elementals
  5 wraiths
  43 yaks
  8 basilisks
  2 wargs (Orc:1)
  5 vampire mosquitoes
  3 acid dragons
  2 hell hounds
  An acid dragon (shapeshifter) (D:14)
  14 water moccasins
  Duvessa (D:5)
  17 orc warriors
  10 black bears
  4 ogres
  10 boggarts
  31 wolves
  7 centaurs
  3 necrophages (Lair:2)
  7 kobold brigands
  Dowan (D:5)
  17 bullfrogs
  2 scorpions
  34 killer bees
  2 water moccasin skeletons
  5 wights
  4 electric eels
  A howler monkey (D:11)
  2 lava snakes (D:14)
  A centaur zombie (D:8)
  4 hounds
  A jelly (D:8)
  14 orc priests
  A bullfrog skeleton (D:6)
  Terence (D:2)
  15 orc wizards
  Natasha (thrice) (D:2)
  A killer bee zombie (D:8)
  2 small abominations (Abyss:3)
  2 hound skeletons
  A howler monkey zombie (D:9)
  5 adders
  3 gnolls (D:3)
  A howler monkey skeleton (D:5)
  3 white imps
  An ufetubus (D:7)
  An adder skeleton (D:4)
  4 worms
  2 dart slugs
  57 orcs
  4 ball pythons
  4 bats
  9 endoplasms
  2 giant cockroaches
  4 hobgoblins
  3 jackals (D:2)
  19 kobolds
  3 quokkas
  6 frilled lizards
  12 goblins
  4 rats
  3 fire vortices (D:14)
  A lurking horror (Abyss:3)
857 creatures vanquished.

Vanquished Creatures (collateral kills)
  A storm dragon (Shoals:4)
  Kirke (Shoals:4)
  2 vault wardens
  5 ironbound preservers
  3 very ugly things (Vaults:1)
  2 dire elephants
  An entropy weaver (Vaults:4)
  3 merfolk javelineers
  3 merfolk impalers
  A yaktaur captain (Vaults:1)
  5 ironbound thunderhulks
  A hydra (Lair:5)
  5 vault guards
  An ogre mage (D:15)
  2 boulder beetles
  6 centaur warriors
  5 ironbound frosthearts
  4 merfolk aquamancers (Shoals:4)
  A two-headed ogre (D:13)
  An alligator snapping turtle (Shoals:4)
  3 death yaks
  4 ironbound beastmasters
  A hell knight (Vaults:3)
  A glowing orange brain (Vaults:3)
  23 deep trolls
  3 sea snakes
  4 ironbound convokers
  An orc knight (Orc:2)
  4 harpies
  9 manticores
  12 ugly things
  3 lindwurms
  3 fauns (Shoals:3)
  A cyclops (D:14)
  4 elephants (Lair:6)
  5 vault sentinels
  4 water nymphs (Shoals:4)
  An unseen horror (D:13)
  10 yaktaurs
  2 polar bears (Lair:6)
  2 wind drakes (Shoals:4)
  8 merfolk
  A hornet (Lair:6)
  4 snapping turtles
  12 slime creatures (Vaults:1)
  5 air elementals (Shoals:4)
  2 redbacks (Vaults:4)
  4 spriggans (Lair:6)
  A yak (Lair:6)
  11 water elementals
  A wraith (D:13)
  2 vampire mosquitoes (D:15)
  2 water moccasins
  6 wolves (Lair:6)
  A centaur (Shoals:4)
  An orc priest (Orc:2)
  2 white imps (Lair:6)
216 creatures vanquished.

Vanquished Creatures (others)
  A thrashing horror (Abyss:3)
  A wizard (Vaults:3)
  A manticore (Lair:4)
  An air elemental (Shoals:4)
  5 humans (Shoals:4)
  An orc wizard (D:10)
  73 fungi
  A lurking horror (Abyss:3)
  112 plants
196 creatures vanquished.

Grand Total: 1269 creatures vanquished

Notes
Turn   | Place    | Note
-------+----------+-------------------------------------------
     0 | D:1      | Shayle the Ogre Warper began the quest for the Orb.
     0 | D:1      | Reached XP level 1. HP: 22/22 MP: 3/3
   248 | D:1      | Reached XP level 2. HP: 15/30 MP: 5/5
   649 | D:1      | Reached XP level 3. HP: 33/37 MP: 6/6
   887 | D:2      | Noticed Natasha
   895 | D:2      | Killed Natasha
  1124 | D:2      | Reached XP level 4. HP: 24/48 MP: 7/7
  1149 | D:2      | Noticed Natasha
  1442 | D:2      | Killed Natasha
  1828 | D:2      | Reached XP level 5. HP: 53/55 MP: 8/8
  2178 | D:2      | Noticed Terence
  2196 | D:2      | Killed Terence
  2471 | D:2      | Noticed Natasha
  2487 | D:2      | Killed Natasha
  2595 | D:2      | Found a runed translucent door.
  2596 | D:2      | Noticed Crazy Yiuf
  2728 | D:3      | Reached skill level 5 in Fighting
  2986 | D:3      | Found Taehiesch's Book Emporium.
  3170 | D:3      | Reached XP level 6. HP: 66/66 MP: 9/9
  3266 | D:3      | Learned a level 2 spell: Blink
  3270 | D:3      | Learned a level 3 spell: Gell's Gravitas
  3274 | D:3      | Learned a level 3 spell: Teleport Other
  3757 | D:4      | Found a staircase to the Ecumenical Temple.
  3771 | Temple   | Entered the Ecumenical Temple
  3876 | Temple   | Became a worshipper of Kikubaaqudgha
  4388 | D:5      | Entered Level 5 of the Dungeon
  4390 | D:5      | Noticed Dowan
  4391 | D:5      | Noticed Duvessa
  4568 | D:5      | Reached XP level 7. HP: 73/75 MP: 10/10
  4597 | D:5      | Noticed Sigmund
  5116 | D:6      | Reached skill level 1 in Necromancy
  5583 | D:7      | Reached XP level 8. HP: 42/84 MP: 12/12
  5656 | D:7      | Noticed a wyvern
  5673 | D:7      | Killed a wyvern
  5674 | D:7      | Reached skill level 5 in Dodging
  5674 | D:7      | Reached skill level 2 in Necromancy
  6125 | D:7      | Found a sacrificial altar of Ru.
  6171 | D:8      | Identified the +5 rapier "Koel Hew" {vorpal, Stlth+}
  6327 | D:8      | Noticed a yak
  6327 | D:8      | Noticed a yak
  6328 | D:8      | Noticed a yak
  6344 | D:8      | Killed a yak
  6362 | D:8      | Killed a yak
  6363 | D:8      | Reached skill level 3 in Necromancy
  6363 | D:8      | Reached XP level 9. HP: 96/96 MP: 16/16
  6370 | D:8      | Reached * piety under Kikubaaqudgha
  6370 | D:8      | Received a gift from Kikubaaqudgha
  6375 | D:8      | Learned a level 3 spell: Vampiric Draining
  6467 | D:7      | Reached skill level 5 in Spellcasting
  6554 | D:5      | Identified a scroll of acquirement
  6554 | D:5      | Acquired Liasic's Handbook of Entrancing Fire
  6569 | D:5      | Learned a level 1 spell: Pain
  6671 | D:5      | Killed Duvessa
  6689 | D:5      | Killed Dowan
  6737 | D:5      | Killed Sigmund
  7273 | D:7      | Reached skill level 4 in Necromancy
  7273 | D:7      | Reached skill level 5 in Translocations
  7467 | D:8      | Reached XP level 10. HP: 103/107 MP: 19/19
  8374 | D:9      | Reached skill level 5 in Necromancy
  8925 | D:10     | Entered Level 10 of the Dungeon
  8946 | D:10     | Reached ** piety under Kikubaaqudgha
  8995 | D:10     | Found a staircase to the Orcish Mines.
  9106 | D:9      | Found a staircase to the Lair.
  9119 | Lair:1   | Entered Level 1 of the Lair of Beasts
  9119 | Lair:1   | Noticed a four-headed hydra
  9119 | Lair:1   | Noticed a black mamba
  9128 | D:9      | Learned a level 5 spell: Manifold Assault
  9307 | D:9      | Reached skill level 10 in Fighting
  9329 | D:10     | Found Foappod's Assorted Antiques.
  9383 | D:10     | Found Veojant's Magic Scroll Boutique.
  9391 | D:10     | Bought a scroll of fear for 56 gold pieces
  9391 | D:10     | Bought a scroll of immolation for 56 gold pieces
  9391 | D:10     | Bought a scroll of magic mapping for 56 gold pieces
  9433 | D:10     | Noticed a centaur warrior
  9480 | D:10     | Found Woomnarr's Weapon Boutique.
  9490 | D:10     | Found Hasmaih's Distillery.
  9549 | D:10     | Bought a potion of ambrosia for 96 gold pieces
  9549 | D:10     | Bought a potion of heal wounds for 60 gold pieces
  9549 | D:10     | Bought a potion of heal wounds for 60 gold pieces
  9549 | D:10     | Bought a potion of berserk rage for 60 gold pieces
  9568 | D:10     | Found Baerphor's Distillery.
  9608 | D:10     | Killed a centaur warrior
  9609 | D:10     | Reached skill level 1 in Transmutations
  9609 | D:10     | Reached skill level 1 in Earth Magic
  9706 | D:10     | Noticed a gargoyle
  9750 | D:10     | Killed a gargoyle
  9751 | D:10     | Reached XP level 11. HP: 57/119 MP: 22/22
 10085 | D:11     | Identified the +6 dagger of Resourcefulness {vorpal, rN+
                  | Str-2 Stlth+}
 10215 | D:11     | Noticed Maurice
 10226 | D:11     | Killed Maurice
 10370 | D:12     | Noticed a deep elf pyromancer
 10382 | D:12     | Killed a deep elf pyromancer
 10383 | D:12     | Reached skill level 6 in Necromancy
 10406 | D:12     | Noticed a sun demon
 10417 | D:12     | Noticed a sun demon
 11436 | Lair:1   | Killed a four-headed hydra
 12240 | Lair:1   | Reached *** piety under Kikubaaqudgha
 12240 | Lair:1   | Received a gift from Kikubaaqudgha
 12248 | Lair:1   | Learned a level 5 spell: Borgnjor's Vile Clutch
 12290 | Lair:1   | Reached XP level 12. HP: 123/128 MP: 19/24
 12814 | Lair:1   | Reached skill level 7 in Necromancy
 12929 | Lair:1   | Found a transporter.
 12933 | Lair:1   | Noticed Rennog's ghost (journeyman DsFi)
 12967 | Lair:1   | Found a transporter.
 13154 | Lair:2   | Found a hole to the Spider Nest.
 14310 | Lair:2   | Found a large runed translucent door.
 14310 | Lair:2   | Found a large runed translucent door.
 14311 | Lair:2   | Noticed jisko22's ghost (journeyman MfGl)
 14399 | Lair:2   | Reached **** piety under Kikubaaqudgha
 14525 | Lair:2   | Reached skill level 5 in Earth Magic
 14629 | Lair:2   | Reached skill level 5 in Transmutations
 15189 | Lair:2   | Found a staircase to the Shoals.
 16349 | Lair:3   | Reached skill level 8 in Necromancy
 16362 | Lair:3   | Reached XP level 13. HP: 136/136 MP: 7/25
 16478 | Lair:3   | Identified the +10 hand axe of Vumylom {vorpal, rC+ Str+5}
 18931 | Lair:4   | Learned a level 6 spell: Death Channel
 19509 | Lair:5   | Reached skill level 10 in Dodging
 19869 | Lair:5   | Reached skill level 9 in Necromancy
 20812 | Lair:6   | Entered Level 6 of the Lair of Beasts
 20842 | Lair:6   | Reached skill level 1 in Shields
 20856 | Lair:6   | Reached XP level 14. HP: 129/144 MP: 4/27
 21049 | Lair:6   | Found a dark tunnel.
 21057 | Volcano  | Entered a volcano
 21346 | Volcano  | Identified the +5 broad axe "Ecliunyi" {flame, rF+ Int+4
                  | Dex+4 Stlth+}
 22576 | Lair:6   | Reached ***** piety under Kikubaaqudgha
 23015 | Lair:6   | Noticed Nessos
 23181 | Lair:6   | Killed Nessos
 23440 | Lair:6   | Reached skill level 10 in Spellcasting
 23442 | Lair:6   | Reached skill level 10 in Necromancy
 24858 | Lair:6   | Found a staircase to the Slime Pits.
 27018 | D:12     | Reached XP level 15. HP: 130/152 MP: 29/29
 27412 | D:12     | Reached skill level 5 in Shields
 27721 | D:13     | Found a blossoming altar of Fedhas.
 27810 | D:13     | Found a gate to the Vaults.
 27838 | D:13     | Reached ****** piety under Kikubaaqudgha
 28924 | D:14     | Noticed Pocvaraige's ghost (journeyman TrMo)
 28950 | D:14     | Found a transporter.
 29248 | D:12     | Noticed Frances
 29263 | D:12     | Killed Frances
 29413 | D:12     | Noticed Sonja
 29415 | D:12     | Killed Sonja
 29630 | Orc:1    | Entered Level 1 of the Orcish Mines
 30135 | Orc:2    | Entered Level 2 of the Orcish Mines
 30270 | Orc:2    | Found a staircase to the Elven Halls.
 31248 | Orc:2    | Reached skill level 11 in Necromancy
 31380 | Orc:2    | Found Gaofielo's Assorted Antiques.
 31380 | Orc:2    | Found Aphamiag's Armour Shop.
 31382 | Orc:2    | Found Hittap's Distillery.
 31382 | Orc:2    | Found Sunu's Antique Armour Shop.
 31390 | Orc:2    | Bought a potion of heal wounds for 60 gold pieces
 31390 | Orc:2    | Bought a potion of heal wounds for 60 gold pieces
 31390 | Orc:2    | Bought a potion of heal wounds for 60 gold pieces
 31390 | Orc:2    | Bought a potion of heal wounds for 60 gold pieces
 31393 | Orc:2    | Bought a scarf of repulsion for 144 gold pieces
 31396 | Orc:2    | Bought 2 potions of heal wounds for 120 gold pieces
 31396 | Orc:2    | Bought a potion of cancellation for 96 gold pieces
 31396 | Orc:2    | Bought 2 potions of attraction for 72 gold pieces
 31396 | Orc:2    | Bought a potion of might for 48 gold pieces
 31396 | Orc:2    | Bought a potion of cancellation for 96 gold pieces
 32495 | Shoals:1 | Entered Level 1 of the Shoals
 32628 | Shoals:1 | Noticed Louise
 32645 | Shoals:1 | Noticed Josephine
 32666 | Shoals:1 | Killed Josephine
 32792 | Shoals:1 | Cast into level 3 of the Abyss (Louise)
 32792 | Abyss:3  | Noticed a green draconian shifter
 32792 | Abyss:3  | Noticed a green draconian shifter
 32795 | Abyss:3  | Found a corrupted altar of Lugonu.
 32834 | Abyss:3  | Noticed a tentacled starspawn
 33367 | Abyss:3  | Identified the ring of Daohius {Fly rC+ rCorr SInv}
 33533 | Abyss:3  | Noticed a lich
 33563 | Abyss:3  | Noticed a bone dragon
 33700 | Abyss:3  | Reached XP level 16. HP: 112/128 MP: 31/31
 33727 | Abyss:3  | Found a corrupted altar of Lugonu.
 33773 | Shoals:1 | Escaped the Abyss
 33804 | Shoals:1 | Reached skill level 10 in Earth Magic
 34153 | Shoals:1 | Learned a level 6 spell: Simulacrum
 34252 | Shoals:1 | Reached skill level 1 in Ice Magic
 34512 | Shoals:1 | Identified the +4 quarterstaff of Blind Justice {freeze,
                  | *Noise rPois Str+4 Int+6}
 35592 | Shoals:1 | Killed Louise
 36817 | Shoals:2 | Reached skill level 5 in Ice Magic
 37017 | Shoals:2 | Noticed Polyphemus
 37631 | Shoals:2 | Received a gift from Kikubaaqudgha
 37643 | Shoals:2 | Killed Polyphemus
 38173 | Shoals:3 | Found a runed translucent gate.
 38173 | Shoals:3 | Found a runed translucent gate.
 38173 | Shoals:3 | Found a runed translucent gate.
 38177 | Shoals:3 | Noticed krigyl's ghost (adept SpGl)
 39803 | Shoals:4 | Entered Level 4 of the Shoals
 39803 | Shoals:4 | Found a stormy altar of Qazlal.
 39827 | Shoals:4 | Noticed Kirke
 39832 | Shoals:4 | Killed Kirke
 39922 | Shoals:4 | Paralysed by an air elemental for 1 turns
 39926 | Shoals:4 | Paralysed by an air elemental for 1 turns
 40208 | Shoals:4 | Identified the +5 ring mail of Kuemp {Drain +Blink rPois
                  | rCorr}
 40421 | Shoals:4 | Identified the +1 leather armour of the World {rF+ Str-3
                  | Dex+5}
 40877 | Shoals:4 | Paralysed by an air elemental for 1 turns
 40881 | Shoals:4 | Paralysed by an air elemental for 1 turns
 40883 | Shoals:4 | Paralysed by an air elemental for 1 turns
 40890 | Shoals:4 | Paralysed by an air elemental for 1 turns
 40893 | Shoals:4 | Paralysed by an air elemental for 1 turns
 40895 | Shoals:4 | Reached XP level 17. HP: 99/169 MP: 9/33
 41086 | Shoals:4 | Got a barnacled rune of Zot
 41245 | Shoals:4 | Paralysed by an air elemental for 1 turns
 41249 | Shoals:4 | Paralysed by an air elemental for 1 turns
 41433 | Shoals:4 | Found a stormy altar of Qazlal.
 41450 | Shoals:4 | Paralysed by an air elemental for 1 turns
 42299 | D:12     | Learned a level 8 spell: Infestation
 42690 | D:14     | Found a transporter.
 42691 | D:14     | Reached skill level 1 in Polearms
 42963 | D:14     | Noticed Snorg
 42981 | D:14     | Killed Snorg
 43912 | D:15     | Entered Level 15 of the Dungeon
 44625 | Vaults:1 | Entered Level 1 of the Vaults
 44865 | Vaults:1 | Reached skill level 5 in Polearms
 45149 | Vaults:1 | Found a runed translucent gate.
 45150 | Vaults:1 | Found a runed translucent gate.
 45150 | Vaults:1 | Found a runed translucent gate.
 45151 | Vaults:1 | Noticed a tentacled monstrosity
 45152 | Vaults:1 | Noticed a tentacled monstrosity
 45421 | Vaults:1 | Reached skill level 12 in Necromancy
 47050 | Vaults:1 | Reached XP level 18. HP: 176/176 MP: 28/35
 48003 | Vaults:2 | Reached skill level 13 in Necromancy
 49028 | Vaults:2 | Paralysed by a great orb of eyes for 7 turns
 49898 | Vaults:2 | Identified the +9 arbalest of Death {freeze, rPois Dex+4}
 50257 | Vaults:3 | Reached skill level 10 in Polearms
 50865 | Vaults:3 | Found a huge runed gate.
 50865 | Vaults:3 | Found a huge runed gate.
 50955 | Vaults:3 | Found a huge runed gate.
 50955 | Vaults:3 | Found a huge runed gate.
 50956 | Vaults:3 | Found a huge runed gate.
 50956 | Vaults:3 | Found a huge runed gate.
 50956 | Vaults:3 | Found a huge runed gate.
 50957 | Vaults:3 | Found a huge runed gate.
 50957 | Vaults:3 | Found a huge runed gate.
 50957 | Vaults:3 | Found a huge runed gate.
 50963 | Vaults:3 | Found a huge runed gate.
 50963 | Vaults:3 | Found a huge runed gate.
 50963 | Vaults:3 | Found a huge runed gate.
 50963 | Vaults:3 | Found a huge runed gate.
 50963 | Vaults:3 | Found a huge runed gate.
 50963 | Vaults:3 | Found a huge runed gate.
 50964 | Vaults:3 | Found a huge runed gate.
 50965 | Vaults:3 | Found a huge runed gate.
 50966 | Vaults:3 | Found a huge runed gate.
 50995 | Vaults:3 | Reached skill level 14 in Necromancy
 51152 | Vaults:3 | Upgraded the game from 0.28-a0-224-g76b539d98b to
                  | 0.28-a0-233-gb8ca4b6547
 51172 | Vaults:3 | Found a staircase to the Crypt.
 51550 | Vaults:3 | Reached XP level 19. HP: 173/174 MP: 4/36
 52342 | Vaults:3 | Found a huge runed gate.
 52342 | Vaults:3 | Found a huge runed gate.
 52342 | Vaults:3 | Found a huge runed gate.
 52342 | Vaults:3 | Found a huge runed gate.
 52342 | Vaults:3 | Found a huge runed gate.
 52342 | Vaults:3 | Found a huge runed gate.
 52343 | Vaults:3 | Found a huge runed gate.
 52346 | Vaults:3 | Found a huge runed gate.
 52357 | Vaults:3 | Found a huge runed gate.
 52363 | Vaults:3 | Found a huge runed gate.
 52363 | Vaults:3 | Found a huge runed gate.
 52363 | Vaults:3 | Found a huge runed gate.
 52363 | Vaults:3 | Found a huge runed gate.
 52363 | Vaults:3 | Found a huge runed gate.
 52363 | Vaults:3 | Found a huge runed gate.
 52364 | Vaults:3 | Found a huge runed gate.
 52365 | Vaults:3 | Found a huge runed gate.
 53005 | Vaults:3 | Reached skill level 15 in Necromancy
 53778 | Vaults:3 | Found Ecrah's Antique Armour Boutique.
 53778 | Vaults:3 | You are sucked into a shaft and drop 1 floor!
 53963 | Vaults:3 | Bought a runed hat for 287 gold pieces
 54133 | Vaults:3 | Noticed a hellephant
 54134 | Vaults:3 | Noticed a hellephant
 54601 | Vaults:3 | Killed from afar by a hellephant

Illustrated notes

Levels and vault maps discovered:
D:1:      lightli_arrival_chessboard, layout_rooms, serial_bayou_pond_e,
          st_stairs_14
D:2:      layout_basic, kennysheep_generic_room_9, uniq_terence,
          uniq_crazy_yiuf_cottage, uniq_natasha
D:3:      minmay_door_path, layout_basic, serial_shops, nicolae_shop_waterfront
D:4:      cheibrodos_old_hovel, layout_basic, minmay_temple_entry_junction,
          minmay_surrounded
D:5:      layout_rooms, hangedman_decor_lopped, uniq_duvessa, uniq_sigmund
D:6:      layout_basic, chequers_serial_rivers_micro_d
D:7:      layout_loops_ring, overflow_temple_1_default
D:8:      lemuel_ice_spiral_2, layout_basic, enter_bailey_2,
          kennysheep_generic_room_2
D:9:      layout_long_grid, grunt_lair_entry_orc_guard_hut
D:10:     layout_roguey, david_orc_2, serial_shops, shop,
          nicolae_shop_statue_plus, nicolae_shop_stone, kennysheep_mini_moat,
          nicolae_shop_waterfront
D:11:     minmay_separated_statues, layout_rooms, water_maze_lemuel,
          uniq_maurice
D:12:     layout_loops_corners, uniq_frances, uniq_sonja
D:13:     layout_loops_ring, lightli_vaults_fourway_checkpoint, fedhas_altar_1
D:14:     layout_rooms, serial_bayou_ford_a, gammafunk_ghost_stat_death,
          hangedman_incinerator, uniq_snorg
D:15:     grunt_enter_depths_magical_seal, layout_cross
Temple:   kilobyte_greek_temple
Lair:1:   layout_gridlike, gammafunk_ghost_berserking_beasts,
          chequers_serial_rivers_small_3
Lair:2:   layout_gridlike, elwin_shoals_entry_stream, dummy_spider_entry,
          ebering_ghost_disaster_area, special_room [special_room_bee],
          roderic_carrion_pond
Lair:3:   layout_regular_city
Lair:4:   nzn_motion_control, layout_layer_cave
Lair:5:   layout_gridlike, kennysheep_basilisk_garden, serial_bayou_shore_a,
          grunt_megastairs_2, lemuel_fruit_tree
Lair:6:   minmay_lair_end_enchanted_forest, layout_small_grid, slime_dummy,
          nicolae_volcano_entry_lava_flow, bobbens_ice_dragon_lair,
          serial_bayou_shore_b, uniq_nessos
Shoals:1: layout_shoals, uniq_josephine, uniq_louise
Shoals:2: layout_shoals, uniq_polyphemus
Shoals:3: layout_shoals, gammafunk_ghost_split,
          nicolae_shoals_hidden_pirate_stash
Shoals:4: shoals_end_hellmonk_storm_palace [storm_palace_center_square,
          storm_palace_corner_altar, storm_palace_corner_altar,
          storm_palace_corner_reverse_hut, storm_palace_corner_pillars],
          serial_shops, uniq_kirke
Orc:1:    layout_diamond_mine
Orc:2:    grunt_orc_tribal_feast, layout_diamond_mine, nicolae_orc_rich_vein
Vaults:1: ploomutoo_gammafunk_vaults_ghost_potion_laboratory,
          hangedman_vaults_stream, v_rooms_1, vaults_dpeg_ring,
          hangedman_vaults_slither, v_misc_30, v_misc_30,
          ontoclasm_vaults_ligature, v_alt_pattern_6, nicolae_vaults_asterisk,
          layout_vaults_omnibox
Vaults:2: ontoclasm_vaults_misaligned, nicolae_vaults_three_branches,
          nicolae_vaults_yaktaur_gun_rack, v_misc_27, v_misc_9,
          ontoclasm_vaults_loading_screen, v_pattern_3, vaults_room_door_ring,
          vaults_mumra_hexcomb, nicolae_vaults_little_squares_6,
          layout_vaults_big_room
Vaults:3: v_rooms_3, hangedman_vaults_nails, nicolae_vaults_arrows,
          minmay_crypt_entry_simple_sparse, v_pattern_4,
          ontoclasm_vaults_loading_screen, nicolae_vaults_network_barrier,
          ontoclasm_vaults_tryst, nicolae_vaults_alarming,
          vaults_not_door_vault_due, nicolae_vaults_ring_of_whatevers,
          v_alt_pattern_1, layout_vaults_maze, serial_shops, shop
Vaults:4: nicolae_vaults_specimen_jars, vaults_dpeg_doors, v_misc_11,
          nicolae_vaults_border_crossing, grunt_vaults_funnel, v_misc_30,
          vaults_mumra_lcd, nicolae_vaults_theta, vaults_room_hallway,
          vaults_room_hallway, layout_vaults_omnigrid, serial_shops, shop

Skill      XL: |  1  2  3  4  5  6  7  8  9 10 11 12 13 14 15 16 17 18 19 |
---------------+----------------------------------------------------------+-----
Fighting       | 3 4 5 6 7 9 10 | 10.8
Throwing       | 2 3 4 |  4.3
Dodging        | 3 4 5 6 7 8 9 10 | 10.1
Necromancy     | 1 3 4 5 6 8 9 10 11 12 14 15 | 15.2
Translocations | 3 4 5 6 7 8 |  8.4
Spellcasting   | 3 4 6 7 8 9 10 11 12 13 | 13.2
Transmutations | 1 3 5 7 8 9 |  9.9
Earth Magic    | 1 3 5 7 8 9 10 | 10.0
Shields        | 1 4 6 8 9 |  9.0
Ice Magic      | 7 8 |  8.6
Polearms       | 7 11 12 | 12.6
Maces & Flails | |  1.7

Action                   |  1- 3 |  4- 6 |  7- 9 | 10-12 | 13-15 | 16-18 | 19-21 || total
-------------------------+-------+-------+-------+-------+-------+-------+-------++-------
Melee: Mace              |    37 |       |       |       |       |       |       ||    37
       Dagger            |    56 |   260 |   457 |   283 |       |       |       ||  1056
       Rapier            |       |       |       |   454 |   344 |   490 |    18 ||  1306
       Hand axe          |       |       |       |       |    18 |       |       ||    18
       Broad axe         |       |       |       |       |   286 |     5 |     1 ||   292
       Demon trident     |       |       |       |       |       |       |    57 ||    57
Throw: Boomerang         |       |     1 |     7 |     1 |       |       |       ||     9
       Dart              |       |       |       |     2 |       |       |       ||     2
       Large rock        |       |       |       |       |     2 |    20 |    10 ||    32
 Cast: Blink             |       |       |       |    13 |    12 |    15 |     2 ||    42
       Manifold Assault  |       |       |       |    21 |    88 |    38 |    21 ||   168
       Vampiric Draining |       |       |       |     6 |       |       |       ||     6
       Borgnjor's Vile C |       |       |       |   115 |   399 |   347 |    64 ||   925
       Teleport Other    |       |       |       |     1 |       |     2 |       ||     3
       Pain              |       |       |       |       |     6 |       |       ||     6
       Death Channel     |       |       |       |       |    12 |    19 |     4 ||    35
       Gell's Gravitas   |       |       |       |       |     4 |       |       ||     4
       Simulacrum        |       |       |       |       |       |   104 |    12 ||   116
Invok: Receive Corpses   |       |       |       |       |       |    39 |     4 ||    43
       Receive Forbidden |       |       |       |       |       |     1 |       ||     1
Evoke: Wand              |       |       |     4 |     7 |    28 |    44 |     4 ||    87
       Condenser vane    |       |       |       |       |     2 |     3 |       ||     5
  Use: Scroll            |       |    10 |     5 |     9 |    16 |    10 |     6 ||    56
       Potion            |       |       |       |     6 |    10 |     7 |     1 ||    24
 Stab: Paralysed         |       |       |    13 |     8 |       |       |     2 ||    23
       Sleeping          |       |       |       |     1 |       |     1 |       ||     2
       Petrified         |       |       |       |       |     4 |       |       ||     4
       Distracted        |       |       |       |       |     1 |       |       ||     1
Armor: Robe              |    32 |    25 |       |       |       |       |       ||    57
       Troll leather arm |       |    64 |   235 |   532 |   278 |   170 |    15 ||  1294
Dodge: Dodged            |    56 |   151 |   291 |   616 |   322 |   304 |    38 ||  1778
       Repelled          |       |       |       |       |     7 |    17 |     1 ||    25
Block: Kite shield       |       |       |       |       |   148 |   498 |    47 ||   693

Table legend: (Time is in decaauts)
 A = Elapsed time spent in this place.
 B = Non-inter-level travel time spent in this place.
 C = Inter-level travel time spent in this place.
 D = Time resting spent in this place.
 E = Time spent auto-exploring this place.
 F = Levels seen in this place.
 G = Mean time per level.
                   A        B        C        D        E       F      G
               +--------+--------+--------+--------+--------+-----+--------+
         Total |  55227 |  52061 |   3166 |  15448 |  22149 |  34 | 1624.3 |
       Dungeon |  17847 |  16167 |   1680 |   2963 |   7933 |  15 | 1189.8 |
        Temple |    141 |    105 |     36 |      0 |     98 |   1 |  141.0 |
          Lair |  14490 |  13707 |    783 |   3764 |   6880 |   6 | 2415.0 |
        Shoals |   8497 |   8229 |    268 |   3369 |   2752 |   4 | 2124.2 |
  Orcish Mines |   2751 |   2556 |    195 |    906 |    942 |   2 | 1375.5 |
        Vaults |  10000 |   9798 |    202 |   3884 |   3173 |   4 | 2500.0 |
         Abyss |   1013 |   1013 |      0 |    503 |     89 |   1 | 1013.0 |
       Volcano |    483 |    483 |      0 |     59 |    281 |   1 |  483.0 |
               +--------+--------+--------+--------+--------+-----+--------+

Top non-repeatable levels by time:
Vaults:3: 3876 daAuts
  Lair:6: 3413 daAuts
  Lair:2: 3049 daAuts
Vaults:2: 2915 daAuts
Vaults:1: 2866 daAuts
Shoals:2: 2322 daAuts
Shoals:4: 2286 daAuts
  Lair:4: 2253 daAuts
Shoals:1: 2236 daAuts
  Lair:5: 2092 daAuts
    D:12: 2076 daAuts
  Lair:1: 2066 daAuts
    D:14: 1791 daAuts
     D:2: 1749 daAuts
    D:13: 1732 daAuts
